 Dungeon Crawl Stone Soup version 0.28-a0-1510-gd0f6b136d3 (webtiles) character file.

Game seed: 1124620856315093499

250 funkygono the Grave Robber (level 6, -1/41 HPs)
             Began as a Human Necromancer on Jan 15, 2022.
             Was a Follower of Vehumet.
             Slain by a scorpion zombie (3 damage)
             ... on level 4 of the Dungeon.
             The game lasted 00:09:12 (5074 turns).

funkygono the Grave Robber (Human Necromancer)      Turns: 5074, Time: 00:09:12

Health: -1/41      AC:  4    Str:  8    XL:     6   Next: 35%
Magic:  12/12      EV: 12    Int: 17    God:    Vehumet [*.....]
Gold:   222        SH:  0    Dex: 14    Spells: 4/13 levels left

rFire   . . .      SeeInvis .   d - +1 dagger (venom)
rCold   . . .      Faith    .   (no shield)
rNeg    . . .      Spirit   .   a - +0 robe
rPois   .          Reflect  .   i - +0 helmet
rElec   .          Harm     .   (no cloak)
rCorr   .          Rampage  .   h - +0 pair of gloves
Will    .....                   (no boots)
Stlth   ++........              (no amulet)
HPRegen 0.13/turn               (no ring)
MPRegen 0.13/turn               (no ring)

@: no status effects
A: no striking features
a: Renounce Religion


You were on level 4 of the Dungeon.
You worshipped Vehumet.
Vehumet was aware of your devotion.
You visited 1 branch of the dungeon, and saw 4 of its levels.

You collected 222 gold pieces.

Inventory:

Hand Weapons
 d - a +1 dagger of venom (weapon)
Armour
 a - a +0 robe (worn)
 h - a +0 pair of gloves (worn)
 i - a +0 helmet (worn)
Scrolls
 c - a scroll of teleportation
Potions
 b - a potion of curing {unknown}
 e - 2 potions of lignification {unknown}
 f - a potion of ambrosia {unknown}
 g - 2 potions of brilliance
 j - 2 potions of attraction {unknown}
 k - a potion of berserk rage {unknown}


   Skills:
 + Level 0.2 Fighting
 + Level 0.6 Short Blades
 + Level 2.0 Dodging
 - Level 2.0 Stealth
 * Level 4.3 Spellcasting
 * Level 5.6 Necromancy


You had 4 spell levels left.
You knew the following spells:

 Your Spells              Type           Power      Damage    Failure   Level
a - Pain                  Necr           88%        1d8       1%          1
b - Animate Skeleton      Necr           44%        N/A       1%          1
c - Vampiric Draining     Necr           22%        2d7       4%          3
d - Animate Dead          Necr           11%        N/A       16%         4

Your spell library contained the following spells:

 Spells                   Type           Power      Damage    Failure   Level
 Shock                    Conj/Air       12%        1d3       16%         1
 Call Canine Familiar     Summ           3%         N/A       43%         3
 Portal Projectile        Hex/Tloc       6%         N/A       43%         3
 Leda's Liquefaction      Hex/Erth       1%         N/A       83%         4
 Agony                    Necr           22%        N/A       38%         5
 Iskenderun's Battlesphe  Conj           3%         2d6       99%         5
 Iron Shot                Conj/Erth      1%         9d1       100%        6
 Spellforged Servitor     Conj/Summ      1%         N/A       100%        7


Dungeon Overview and Level Annotations

Branches:
Dungeon (4/15)
 Temple: D:4-7

Altars:
Nemelex Xobeh
Okawaru
Vehumet

Shops:
D:1 [   D:3 [


Message History

The scorpion zombie is lightly damaged.
The scorpion zombie hits you.
You hit the scorpion zombie.
The scorpion zombie is moderately damaged.
The scorpion zombie hits you.
You hit the scorpion zombie but do no damage.
The scorpion zombie is moderately damaged.
The scorpion zombie hits you but does no damage.
You hit the scorpion zombie but do no damage.
The scorpion zombie is moderately damaged.
The scorpion zombie barely misses you.
You completely miss the scorpion zombie.
The scorpion zombie is moderately damaged.
The scorpion zombie hits you.
* * * LOW HITPOINT WARNING * * *
You barely miss the scorpion zombie.
The scorpion zombie is moderately damaged.
The scorpion zombie hits you!
* * * LOW HITPOINT WARNING * * *
You barely miss the scorpion zombie.
The scorpion zombie is moderately damaged.
The scorpion zombie barely misses you.
You hit the scorpion zombie.
The scorpion zombie is moderately damaged.
The scorpion zombie barely misses you.
You barely miss the scorpion zombie.
The scorpion zombie is moderately damaged.
The scorpion zombie barely misses you.
You hit the scorpion zombie but do no damage.
The scorpion zombie is moderately damaged.
The scorpion zombie misses you.
You hit the scorpion zombie.
The scorpion zombie is moderately damaged.
The scorpion zombie hits you.
* * * LOW HITPOINT WARNING * * *
You completely miss the scorpion zombie.
You punch the scorpion zombie, but do no damage.
The scorpion zombie is moderately damaged.
The scorpion zombie hits you.
You die...

.....# #.###### ≈..#.#
#......#
≈.##[#################.##
≈.......................#
≈.....##########........#
....)..........#.######.#
......########.#.# #.#
###...# #<#.#Z######.##
###.. #.#.#@#.......#
...# ###.#.#.#.#######
#..# #.......#.# ..#
#.#.#.###.# #.#.#)# #.#
#.#.#.# #.# #.#.#.# #.#
#.#.#.###.# #.#.#.....#


You could see a scorpion zombie.

Vanquished Creatures
  A howler monkey (D:4)
  2 hounds (D:4)
  2 orc wizards
  2 adders
  An adder zombie (D:4)
  7 orcs
  5 bats
  3 endoplasms
  A giant cockroach (D:3)
  3 goblins
  6 hobgoblins
  6 jackals
  4 kobolds
  5 quokkas
  5 ball pythons
  3 frilled lizards
  5 rats
61 creatures vanquished.

Vanquished Creatures (collateral kills)
  A hound skeleton (D:4)
  An endoplasm (D:2)
  A goblin (D:1)
  A quokka (D:1)
  A ball python (D:3)
5 creatures vanquished.

Vanquished Creatures (others)
  4 plants (D:3)
4 creatures vanquished.

Grand Total: 70 creatures vanquished

Notes
Turn   | Place    | Note
-------+----------+-------------------------------------------
     0 | D:1      | funkygono the Human Necromancer began the quest for the
                  | Orb.
     0 | D:1      | Reached XP level 1. HP: 13/13 MP: 3/3
   159 | D:1      | Learned a level 1 spell: Animate Skeleton
   213 | D:1      | Reached XP level 2. HP: 5/19 MP: 0/5
   716 | D:1      | Found Mosudoe's Antique Armour Shoppe.
  1651 | D:2      | Reached XP level 3. HP: 22/24 MP: 3/6
  1722 | D:2      | Learned a level 3 spell: Vampiric Draining
  2417 | D:2      | Found a radiant altar of Vehumet.
  2487 | D:2      | Became a worshipper of Vehumet
  2796 | D:3      | Reached XP level 4. HP: 22/30 MP: 1/8
  3143 | D:3      | Learned a level 4 spell: Animate Dead
  3199 | D:3      | Found Xusymoam's Armour Boutique.
  3446 | D:3      | Found an iron altar of Okawaru.
  3446 | D:3      | Found a sparkling altar of Nemelex Xobeh.
  3522 | D:3      | Reached XP level 5. HP: 34/35 MP: 8/10
  3754 | D:4      | Reached * piety under Vehumet
  3754 | D:4      | Offered knowledge of Shock by Vehumet.
  3755 | D:4      | Reached skill level 5 in Necromancy
  4513 | D:4      | Noticed an ogre
  4515 | D:4      | Noticed an ogre
  4872 | D:4      | Reached XP level 6. HP: 36/41 MP: 6/12
  5073 | D:4      | HP: 2/41 [scorpion zombie (5)]
  5074 | D:4      | Slain by a scorpion zombie

Illustrated notes

Levels and vault maps discovered:
D:1:      psy_arrival_whirlpool, layout_basic, serial_shops, shop_fountains,
          chequers_serial_rivers_large_a
D:2:      layout_loops_ring, basic_altar, grunt_ministairs_1,
          nicolae_elevator_lobby_asterisk
D:3:      cheibrodos_old_hovel, layout_rooms,
          gammafunk_temple_overflow_elements, serial_shops, shop_statue
D:4:      layout_basic, lemuel_mausoleum_altar_yredelemnul,
          lemuel_crystal_altar, minmay_temple_entry_drinking_statues,
          minivault_14, chequers_serial_rivers_small_a

Skill      XL: |  1  2  3  4  5 |
---------------+----------------+-----
Spellcasting   | 3 4 |  4.3
Necromancy     | 5 |  5.6
Fighting       | |  0.2
Short Blades   | |  0.6
Dodging        | |  2.0
Stealth        | |  2.0

Action                   |  1- 3 |  4- 6 || total
-------------------------+-------+-------++-------
Melee: Dagger            |     2 |    58 ||    60
       Punch             |       |     2 ||     2
 Cast: Pain              |    69 |    59 ||   128
       Animate Skeleton  |    14 |    12 ||    26
       Vampiric Draining |       |     9 ||     9
  Use: Scroll            |     2 |     4 ||     6
Armor: Robe              |     5 |    18 ||    23
Dodge: Dodged            |    18 |    43 ||    61

Table legend: (Time is in decaauts)
 A = Elapsed time spent in this place.
 B = Non-inter-level travel time spent in this place.
 C = Inter-level travel time spent in this place.
 D = Time resting spent in this place.
 E = Time spent auto-exploring this place.
 F = Levels seen in this place.
 G = Mean time per level.
                   A        B        C        D        E       F      G
               +--------+--------+--------+--------+--------+-----+--------+
         Total |   5085 |   5012 |     73 |    975 |   3235 |   4 | 1271.2 |
       Dungeon |   5085 |   5012 |     73 |    975 |   3235 |   4 | 1271.2 |
               +--------+--------+--------+--------+--------+-----+--------+

Top non-repeatable levels by time:
     D:1: 1579 daAuts
     D:2: 1359 daAuts
     D:4: 1087 daAuts
     D:3: 1058 daAuts
